 Dungeon Crawl Stone Soup version 0.28.0 (webtiles) character file.

Game seed: 15959735036468669576

24 BeingJoeMalik the Cudgeller (level 2, 0/26 HPs)
             Began as a Draconian Fighter on Feb 15, 2022.
             Slain by a sixfirhy (8 damage)
             ... summoned by Xom
             ... on level 1 of the Dungeon.
             The game lasted 00:01:44 (849 turns).

BeingJoeMalik the Cudgeller (Draconian Fighter)      Turns: 849, Time: 00:01:46

Health: 0/26       AC:  4    Str: 18      XL:     2   Next: 79%
Magic:  2/2        EV: 11    Int:  8      God:
Gold:   36         SH:  4    Dex:  9 (10) Spells: 1/1 levels left

rFire   . . .      SeeInvis .   a - +0 flail
rCold   . . .      Faith    .   b - +0 buckler
rNeg    . . .      Spirit   .   (armour unavailable)
rPois   .          Reflect  .   (helmet restricted)
rElec   .          Harm     .   (no cloak)
rCorr   .          Rampage  .   (no gloves)
Will    .....                   (no boots)
Stlth   +.........              (no amulet)
HPRegen 0.08/turn               (no ring)
MPRegen 0.08/turn               (no ring)

@: no status effects
A: AC +4, unfitting armour, cold-blooded
a: no special abilities


You were on level 1 of the Dungeon.
You visited 1 branch of the dungeon, and saw 1 of its levels.

You collected 36 gold pieces.

Inventory:

Hand Weapons
 a - a +0 flail (weapon)
Armour
 b - a +0 buckler (worn)
Scrolls
 d - a scroll of teleportation {unknown}
 e - a scroll of holy word {unknown}
Potions
 c - a potion of might


   Skills:
 - Level 3.2 Fighting
 + Level 3.4 Maces & Flails
 - Level 2.6 Dodging
 - Level 3.0 Shields


You had one spell level left.
You didn't know any spells.
Your spell library was empty.

Dungeon Overview and Level Annotations

Branches:
Dungeon (1/15)

Altars:
Xom


Innate Abilities, Weirdness & Mutations

Your plain brown scales are hard. (AC +4)
You cannot fit into any form of body armour.
You are cold-blooded and may be slowed by cold attacks.


Message History

There is an open door here.
There is an open door here.
You see here 28 stones.
You open the door.
A frilled lizard comes into view.
The frilled lizard hisses angrily.
Found 9 gold pieces.
There is an open door here.
You hit the frilled lizard.
You kill the frilled lizard!
You now have 36 gold pieces (gained 9).
You open the door.
A goblin comes into view. It is wielding a +0 club.
The goblin shouts!
The goblin moves out of view.
Found 14 stones.
There is an open door here.
A goblin is nearby!
The goblin misses you.
You sock the goblin!
You kill the goblin!
Things that are here:
a +0 club; 14 stones; a goblin corpse You hear Xom's maniacal laughter.
Unknown command.
Unknown command.
You barely miss the ufetubus.
Unknown command.
You closely miss the ufetubus. The ufetubus barely misses you.
The ufetubus closely misses you.
The quasit bites you but does no damage.
The quasit claws you.
You feel clumsy.
The quasit claws you but does no damage.
The crimson imp closely misses you.
You thump the ufetubus!
You kill the ufetubus!
The ufetubus degenerates into a cloud of primal chaos!
The sixfirhy hits you! The sixfirhy shocks you! The sixfirhy hits you!
You die...

#.# #.# ##+## #.#
##...## ###.#
##.....##
##.#.####.......#
##......#.........
#..5.)..'.........
###54..#.#.........
#5@ยง5..#.##.......#
#3##5###.###.....##
#5##.# #.# ##...##
#.##.###.# ##+##
#.##.....#####.####
#.##...............
#.##...#######.####
#.###.## ##...##
##.###.# #.....##


You could see a sixfirhy (summoned), a chaos spawn (summoned), an iron imp
(summoned), a quasit (summoned), a crimson imp (summoned), a white imp
(summoned), a shadow imp (summoned) and an ufetubus (summoned).

Vanquished Creatures
  A dart slug (D:1)
  5 endoplasms (D:1)
  3 goblins (D:1)
  3 jackals (D:1)
  A quokka (D:1)
  3 frilled lizards (D:1)
  4 rats (D:1)
20 creatures vanquished.

Notes
Turn   | Place    | Note
-------+----------+-------------------------------------------
     0 | D:1      | BeingJoeMalik the Draconian Fighter began the quest for the
                  | Orb.
     0 | D:1      | Reached XP level 1. HP: 19/19 MP: 1/1
   158 | D:1      | Reached XP level 2. HP: 25/26 MP: 2/2
   489 | D:1      | Found a faded altar of an unknown god.
   495 | D:1      | Prayed at the altar of an unknown god.
   495 | D:1      | Became a worshipper of Xom of Chaos
   546 | D:1      | Fell from the grace of Xom
   846 | D:1      | XOM: summons 10 hostile demons
   847 | D:1      | Noticed a sixfirhy
   847 | D:1      | Noticed a chaos spawn
   847 | D:1      | Noticed a crimson imp
   847 | D:1      | Noticed a chaos spawn
   849 | D:1      | Slain by a sixfirhy

Illustrated notes

Levels and vault maps discovered:
D:1:      nzn_arrival_depleted_hourglass, layout_loops_corners,
          shapermc_ecumenical_altar_mp_highgroup

Skill      XL: |  1  2 |
---------------+-------+-----
Maces & Flails | 3 |  3.4
Fighting       | |  3.2
Dodging        | |  2.6
Shields        | |  3.0

Action                   || total
-------------------------++-------
Melee: Flail             ||    47
       Tailslap          ||     2
Invok: Renounce Religion ||     1
Armor: Skin              ||    13
Dodge: Dodged            ||    25
Block: Buckler           ||     8
